[Event "XVI Memorial Ezequiel Martin 2024"]
[Site "Mollet"]
[Date "2024.06.09"]
[Round "3.1"]
[White "Narciso Dublan, Marc"]
[Black "Pinero Fernandez, Xavier"]
[Result "1/2-1/2"]
[ECO "B13"]
[WhiteElo "2432"]
[BlackElo "2264"]
[Annotator "RC"]
[PlyCount "173"]
[EventDate "2024.06.01"]
[EventType "swiss"]
[EventCountry "ESP"]
[SourceTitle "playchess.com"]
[Source "ChessBase"]
[SourceQuality "1"]
[TimeControl "900+5"]

1. e4 c6 2. d4 d5 3. exd5 cxd5 4. Bf4 Nc6 5. c3 e6 6. Nd2 Bd6 7. Bxd6 Qxd6 8. Ngf3 Nge7 9. Bd3 Bd7 10. O-O O-O 11. Re1 f6 12. c4 Be8 13. Qe2 Bf7 14. a3 Rad8 15. Rad1 a5 16. h3 b6 17. Bb1 dxc4 18. Nxc4 Qc7 19. Qe4 Ng6 20. Rc1 Rc8 21. h4 Rfd8 22. h5 Nf8 23. Qg4 h6 24. Ne3 Qd7 25. d5 exd5 26. Nf5 Be6 27. Nxh6+ Kh8 28. Nf5 Ne5 29. Nxe5 Rxc1 30. Rxc1 fxe5 31. h6 g6 32. Qg3 Bxf5 33. Qxe5+ Kg8 34. Bxf5 Re8 35. Bxd7 Rxe5 36. Bb5 Kh7 37. Rc6 Re6 38. Kf1 Kxh6 39. Rxe6 Nxe6 40. Bc6 Nc7 41. Ke2 Kg5 42. Ke3 Kf5 43. Kd4 Ke6 44. Ba4 Kd6 45. Bc2 Ne6+ 46. Ke3 g5 47. Bf5 Nc5 48. f4 d4+ 49. Kxd4 gxf4 50. Bg4 a4 51. Kc4 Ke5 52. Be2 Nd7 53. Kb5 Kd4 54. Kxa4 Kc5 55. b4+ Kd6 56. Kb5 Kc7 57. a4 Ne5 58. Bf3 Nd3 59. a5 bxa5 60. bxa5 Ne5 61. a6 Kb8 62. Kb6 Nd7+ 63. Kc6 Ne5+ 64. Kd5 Ng6 65. Kc5 Ka7 66. Kb5 Ne5 67. Be4 Ng4 68. Bf3 Ne5 69. Be2 Ng6 70. Bd3 Ne5 71. Be4 Ng4 72. Bb7 Ne3 73. Ka5 Kb8 74. Kb6 Nc4+ 75. Kc5 Ne3 76. Kb6 Nc4+ 77. Kb5 Ne3 78. Bf3 Ka7 79. Be4 Ng4 80. Bb7 Ne3 81. Bf3 Nf5 82. Ka5 Nd4 83. Bb7 Nf5 84. Bf3 Nd4 85. Bd5 Nf5 86. Be4 Nd4 87. Bb7 1/2-1/2

[Event "XVI Memorial Ezequiel Martin 2024"]
[Site "Mollet"]
[Date "2024.06.09"]
[Round "3.2"]
[White "Diaz Camallonga, Carles"]
[Black "Sanchez Aguilar, Arnau"]
[Result "1-0"]
[ECO "E11"]
[WhiteElo "2478"]
[BlackElo "2151"]
[Annotator "TA"]
[PlyCount "69"]
[EventDate "2024.06.01"]
[EventType "swiss"]
[EventCountry "ESP"]
[SourceTitle "playchess.com"]
[Source "ChessBase"]
[SourceQuality "1"]
[TimeControl "900+5"]

1. Nf3 d5 2. d4 e6 3. c4 Nf6 4. g3 Bb4+ 5. Bd2 Be7 6. Bg2 O-O 7. O-O c6 8. Bc3 Nbd7 9. Nbd2 a5 10. b3 {[%emt 0:00:07] The position is equal.} a4 11. b4 dxc4 12. Nxc4 Nd5 {[%emt 0:00:02] Prevents a3.} 13. Qe1 a3 14. Bd2 N7b6 15. Na5 Na4 16. Nb3 Nb2 17. Rc1 Qd6 18. Nc5 f5 (18... Qd8 $11) 19. Ne5 $16 b6 ({Black should play} 19... Qd8 $14) 20. Ncd3 (20. e4 $1 $16 bxc5 21. exd5 (21. bxc5 Qc7 $14) 21... cxd5 22. dxc5 (22. Rxc5 Qa6 $16) (22. bxc5 Qc7 $14)) 20... Nxd3 21. exd3 ({But not} 21. Nxd3 $6 Ba6 $11) 21... Bd7 22. Nc4 $1 Qb8 {[%emt 0:00:12] Loses the game.} (22... Qc7 $16) 23. b5 $1 $18 Qb7 (23... cxb5 24. Bxd5 exd5) 24. bxc6 Qxc6 25. Ne3 Qd6 {[%emt 0:00:16] [#]} 26. Nxd5 exd5 27. Bf4 Qe6 (27... Qf6 $142 28. Bxd5+ Kh8 29. Bxa8 Rxa8) 28. Qxe6+ Bxe6 {[%emt 0:00:01] [#]} 29. Rfe1 $1 Kf7 30. Rc6 Bd7 31. Bxd5+ Ke8 {[%emt 0:00:01] [#]} 32. Bg5 $1 Bxc6 (32... Rf6 33. Rxf6) 33. Bxc6+ (33. Rxe7+ $142 Kd8 34. Bxc6 Ra5 35. Rf7+ (35. Rxg7+ Kc8 $18) 35... Kc8 36. Rxf8+ Kc7 37. d5 Kd6 38. Rd8+ (38. Rxf5 b5 $18) 38... Ke5 39. Re8+ Kd4 40. d6) 33... Kd8 34. Bxe7+ {[%emt 0:00:06] A strong pair of Bishops.} (34. Rxe7 $142 h6 35. Rf7+ (35. Bxa8 hxg5 36. Rxg7 Rf6 $18) 35... hxg5 36. Rxf8+ Ke7 37. Rxa8) 34... Kc7 35. Bxa8 {[%emt 0:00:02] Weighted Error Value: White=0.11 (very precise) /Black=0.72.  Mistake:       	White=1     	Black=5      Inaccurate:     	White=1     	Black=2      OK:         	White=6     	Black=5      Best:        	White=4     	Black=1      Strong:       	White=2     	---} 1-0

[Event "XVI Memorial Ezequiel Martin 2024"]
[Site "Mollet"]
[Date "2024.06.09"]
[Round "3.3"]
[White "Vehi Bach, Victor Manuel"]
[Black "Ayats Llobera, Gerard"]
[Result "0-1"]
[ECO "B42"]
[WhiteElo "2215"]
[BlackElo "2466"]
[Annotator "TA"]
[PlyCount "158"]
[EventDate "2024.06.01"]
[EventType "swiss"]
[EventCountry "ESP"]
[SourceTitle "playchess.com"]
[Source "ChessBase"]
[SourceQuality "1"]
[TimeControl "900+5"]

1. e4 c5 2. Nf3 e6 3. d4 cxd4 4. Nxd4 a6 5. Bd3 Nf6 6. O-O Qc7 7. Qe2 d6 8. c4 Nbd7 9. Nc3 g6 10. Be3 Bg7 11. Rac1 {[%emt 0:00:08] White is slightly better.} Ne5 12. f3 {[%emt 0:00:22] Against Nfg4} O-O 13. b3 Nxd3 14. Qxd3 Bd7 15. Rfd1 Rfd8 16. Qd2 Rac8 17. Bh6 Qc5 {[%emt 0:00:03] ...Bxh6 is the strong threat.} 18. Be3 {[%emt 0:00:33][%cal Od4e6] And now Nxe6! would win.} Qa5 (18... Qc7 $1 $11) 19. Rc2 Be8 20. Bg5 Bc6 21. Kh1 Qc5 $2 (21... Re8 $14) 22. Be3 (22. Nd5 $18 exd5 23. cxd5) 22... Qh5 23. Nxc6 bxc6 24. Bb6 Rd7 25. Bd4 Rcd8 26. Qf2 Re8 (26... c5 $14 27. Bxf6 Bxf6) 27. Kg1 (27. Rcd2 $16) 27... h6 (27... c5 $11 28. Be3 d5 29. exd5 (29. Bxc5 dxc4 30. Re1 cxb3 $15) 29... exd5 30. Nxd5 (30. Bxc5 dxc4 31. Rcc1 Bh6 $19) 30... Nxd5 31. cxd5 (31. Rxd5 $2 Rxd5 32. cxd5 Rxe3 $19) 31... Rxd5) 28. Qe2 Qa5 (28... d5 $14) 29. Na4 $16 Kh7 30. Qd2 Qh5 31. Rdc1 Rg8 32. g4 (32. h3 $16) 32... Qh4 33. Qf2 Qxf2+ 34. Bxf2 Rgd8 35. Kf1 Kg8 36. h4 h5 37. g5 Ne8 38. Rd1 $36 {[%emt 0:00:00][%mdl 2048] Black is under strong pressure.} Be5 39. Kg2 Kf8 (39... Bg7 $142) 40. Be3 (40. Bb6 $142) 40... Ke7 (40... Kg8 $16 41. Kf2 Bg7) 41. f4 $18 Bg7 42. Kf3 (42. Nb6 $142) 42... f5 43. exf5 gxf5 44. Rcd2 Bh8 (44... Kf7 $16 45. Nc5 Re7) 45. c5 d5 46. Bd4 $1 Bxd4 47. Rxd4 Rb7 48. Nb2 $1 Nc7 49. Re1 Rb5 50. Nd3 a5 51. Rc1 Na6 52. Ne5 ({White should play} 52. Ra4 $18) 52... Rc8 $14 53. Nd3 (53. Rd2 $1 $14) 53... Nb4 (53... Rd8 $1 $11) 54. Nxb4 $16 axb4 {[%emt 0:00:00][%mdl 4096] Endgame. KRR-KRR} 55. Rc2 Ra8 56. Re2 (56. Rd1 $1 $16) 56... Raa5 $11 57. g6 $2 (57. Kf2 $11 {and White stays safe.}) 57... Kf6 (57... Rxc5 58. Rxb4 Rc3+ 59. Kg2 $11) ({Black should try} 57... Ra8 $1 $19 58. Re1 Kf6 (58... Rxa2 $2 59. g7 $19) (58... Rxc5 $2 59. Rxb4 Rxa2 60. g7 $19)) 58. g7 {[%emt 0:01:07] [#]} Ra8 $1 $19 59. Rd1 Rb7 (59... Kxg7 60. Rxe6 Rxc5 (60... Rxa2 61. Rxc6 Rc2 62. Rxd5 $16) 61. Rd2 $17) (59... Rxc5 $19 60. Rg1 Rc3+ 61. Kf2 Kf7) 60. Rg1 $15 Rg8 $1 61. Rg5 (61. Rge1 $2 Re7 (61... Rbxg7 $2 62. Rxe6+ Kf7 63. Re7+ Kg6 64. R1e6+ Kh7 65. Rxg7+ Rxg7 66. Rxc6 $18) 62. Rg1 Rgxg7 $19 (62... Rexg7 63. Rg5 $17)) 61... Rbxg7 62. Rxh5 Rg3+ 63. Kf2 Rg2+ 64. Ke1 $1 Rxe2+ 65. Kxe2 {[%emt 0:00:00] KR-KR} Rg2+ (65... Kg6 $15 66. Rg5+ Kf7) 66. Kd3 Rxa2 {[%emt 0:00:00] aiming for ...Rf2.} 67. Rh6+ Kf7 {[%emt 0:00:00] Hoping for ...Rf2.} 68. Rh7+ Kg6 69. Rc7 Rb2 70. Rxc6 Rxb3+ 71. Kd4 Kf6 {[%emt 0:01:00] Threatens to win with ...Rf3.} 72. Rb6 Rb1 73. h5 Rd1+ (73... b3 {is more complex.} 74. c6 b2 75. Kd3 Rd1+) 74. Ke3 Rc1 (74... Re1+ {simplifies} 75. Kd3 Rc1 76. Rxb4 Rxc5 77. Rb7 Rc6) 75. c6 {[%emt 0:00:05] [#]} (75. Rxb4 $11 {keeps the balance.} Rxc5 76. Rb8) 75... b3 76. h6 $2 (76. Rxb3 $11 Rxc6 77. Rb7) 76... Rh1 $4 (76... Kg6 $19 77. Kd4 Kxh6 (77... b2 78. Rxb2 Rxc6 79. Rh2 $11)) 77. Rxb3 $2 (77. c7 Rc1 78. Rb7 (78. Rxb3 Rxc7 79. Kf2 Rc2+ 80. Kg3 Kg6 $17) (78. h7 Rc3+ 79. Kd4 Rc4+ 80. Kd3 Kg7 $18) 78... d4+ 79. Kd3 (79. Kxd4 e5+ 80. fxe5+ Kg5 81. h7 Rd1+ 82. Ke3 b2 83. c8=Q Re1+ 84. Kd2 b1=Q) 79... e5 80. h7 (80. Rxb3 e4+ 81. Kxd4 Rxc7 $11) 80... Rc3+ 81. Kd2 Rc2+ 82. Kd1) 77... Rh3+ $18 78. Kd4 $4 (78. Kd2 $18 Rxb3 79. c7 Rb2+ 80. Kc3) 78... Rxb3 79. c7 Rb4+ {A wild game.   Weighted Error Value: White=0.33/Black=0.29 (precise) .  Loses game:     	White=2     	Black=1      Missed win:     	---       	Black=1      Mistake:       	White=11    	Black=12     Inaccurate:     	White=8     	Black=6      OK:         	White=21    	Black=21     Best:        	White=5     	Black=5      Strong:       	White=2     	Black=2} 0-1

[Event "XVI Memorial Ezequiel Martin 2024"]
[Site "Mollet"]
[Date "2024.06.09"]
[Round "3.4"]
[White "Hernandez, Cristian Andres"]
[Black "Mompel Ferruz, Xavier"]
[Result "1-0"]
[ECO "B90"]
[WhiteElo "2350"]
[BlackElo "2279"]
[Annotator "RC"]
[PlyCount "57"]
[EventDate "2024.06.01"]
[EventType "swiss"]
[EventCountry "ESP"]
[SourceTitle "playchess.com"]
[Source "ChessBase"]
[SourceQuality "1"]
[TimeControl "900+5"]

1. e4 c5 2. Nf3 d6 3. d4 cxd4 4. Nxd4 Nf6 5. Nc3 a6 6. Bd3 e5 7. Nde2 Be7 8. O-O Be6 9. Ng3 Nbd7 10. f4 exf4 11. Bxf4 Ne5 12. Kh1 b5 13. Nd5 Ng6 14. Nxe7 Nxf4 15. Ng8 Nxg8 16. Rxf4 Nf6 17. Qe2 O-O 18. e5 dxe5 19. Qxe5 Qb8 20. Qg5 h6 21. Qh4 Qe5 22. Raf1 g5 23. Qxh6 gxf4 24. Rxf4 Rfd8 25. Rh4 Ne4 26. Nxe4 Qg7 27. Qf4 Rac8 28. Nf6+ Kf8 29. Qb4+ 1-0

[Event "XVI Memorial Ezequiel Martin 2024"]
[Site "Mollet"]
[Date "2024.06.09"]
[Round "3.5"]
[White "Valenzuela Gomez, Fernando"]
[Black "Rahal, Michael A"]
[Result "1/2-1/2"]
[ECO "C02"]
[WhiteElo "2358"]
[BlackElo "2302"]
[Annotator "RC"]
[PlyCount "150"]
[EventDate "2024.06.01"]
[EventType "swiss"]
[EventCountry "ESP"]
[SourceTitle "playchess.com"]
[Source "ChessBase"]
[SourceQuality "1"]
[TimeControl "900+5"]

1. e4 e6 2. d4 d5 3. e5 c5 4. c3 Nc6 5. Nf3 Nge7 6. Na3 cxd4 7. cxd4 Nf5 8. Nc2 Qa5+ 9. Bd2 Qb6 10. Bc3 Be7 11. Bd3 a5 12. O-O O-O 13. h3 Bd7 14. Kh1 f6 15. exf6 Bxf6 16. Qd2 Be7 17. a3 a4 18. Rae1 Bd6 19. Ng5 Rae8 20. g4 Nh4 21. Bxh7+ Kh8 22. f4 Be7 23. Bd3 Bxg5 24. fxg5 e5 25. Qe3 e4 26. Rxf8+ Rxf8 27. Rf1 Qd8 28. Rxf8+ Qxf8 29. Be2 Qf7 30. Ne1 Ne7 31. Kg1 Neg6 32. Bd2 Kh7 33. Qf2 Qe8 34. Be3 Bb5 35. Bd1 Bc4 36. Ng2 Nf3+ 37. Bxf3 exf3 38. Qxf3 Qb5 39. h4 Be2 40. Qg3 Qxb2 41. h5 Nf8 42. g6+ Kg8 43. Qf2 Qb1+ 44. Kh2 Qf1 45. Nf4 Qxf2+ 46. Bxf2 Bxg4 47. Kg3 Bd1 48. Kh4 Bb3 49. Be1 Nd7 50. Kg5 Nf6 51. Bb4 Ne4+ 52. Kf5 Ng3+ 53. Ke5 b5 54. Nxd5 Nxh5 55. Ne7+ Kf8 56. d5 Ke8 57. Nf5 Kd7 58. Bf8 Nf6 59. Bxg7 Nxd5 60. Bf8 Nc7 61. g7 Ne8 62. Nh6 Nxg7 63. Bxg7 Kc6 64. Kd4 Be6 65. Ke5 Bb3 66. Bf8 Bc4 67. Nf5 Bf1 68. Nd4+ Kb6 69. Bb4 Ka6 70. Kd6 Bd3 71. Kc6 Bf1 72. Kc5 Bd3 73. Ne6 Bf1 74. Nc7+ Kb7 75. Nxb5 Bxb5 1/2-1/2

[Event "XVI Memorial Ezequiel Martin 2024"]
[Site "Mollet"]
[Date "2024.06.09"]
[Round "3.6"]
[White "Fernandez Aguilar, Francisco"]
[Black "Lazaro Pujol, Abel"]
[Result "0-1"]
[ECO "E04"]
[WhiteElo "2054"]
[BlackElo "2356"]
[Annotator "RC"]
[PlyCount "74"]
[EventDate "2024.06.01"]
[EventType "swiss"]
[EventCountry "ESP"]
[SourceTitle "playchess.com"]
[Source "ChessBase"]
[SourceQuality "1"]
[TimeControl "900+5"]

1. Nf3 d5 2. d4 Nf6 3. c4 e6 4. g3 dxc4 5. Bg2 Nc6 6. Qa4 Bb4+ 7. Bd2 Nd5 8. Bxb4 Ndxb4 9. Nc3 Rb8 10. Ne5 O-O 11. Nxc6 Nxc6 12. Bxc6 bxc6 13. Qxc4 Qd6 14. O-O-O Rb4 15. Qd3 c5 16. dxc5 Qxc5 17. Qe3 Qxe3+ 18. fxe3 h5 19. Rd4 c5 20. Rf4 g5 21. Rxb4 cxb4 22. Ne4 Bb7 23. Nf6+ Kg7 24. Rf1 Kg6 25. Nd7 Rc8+ 26. Kb1 Be4+ 27. Ka1 f5 28. Ne5+ Kf6 29. Nd3 Bxd3 30. exd3 Rc2 31. h4 Rg2 32. Kb1 Rxg3 33. hxg5+ Kxg5 34. Rf4 h4 35. Rxb4 h3 36. Rb7 Rg1+ 37. Kc2 h2 0-1

[Event "XVI Memorial Ezequiel Martin 2024"]
[Site "Mollet"]
[Date "2024.06.09"]
[Round "4.1"]
[White "Villa Tornero, Alex"]
[Black "Diaz Camallonga, Carles"]
[Result "1/2-1/2"]
[ECO "C01"]
[WhiteElo "2321"]
[BlackElo "2478"]
[Annotator "TA"]
[PlyCount "68"]
[EventDate "2024.06.01"]
[EventType "swiss"]
[EventCountry "ESP"]
[SourceTitle "playchess.com"]
[Source "ChessBase"]
[SourceQuality "1"]
[TimeControl "900+5"]

1. e4 e6 2. d4 d5 3. Bd3 dxe4 4. Bxe4 Nf6 5. Bf3 Nbd7 6. Ne2 Bd6 7. O-O O-O 8. Bg5 h6 9. Bf4 (9. Bxf6 $11 Nxf6 10. Nd2) 9... e5 $15 10. dxe5 Nxe5 11. Bxe5 Bxe5 12. c3 c6 13. Nd2 Be6 14. Qc2 Qc7 15. h3 Rad8 16. Rad1 Rfe8 (16... Bxa2 $2 17. b3 $18) 17. Rfe1 Qb6 (17... Bxa2 $2 18. b3 $18) 18. Nb3 g6 19. Ned4 Bc8 20. a4 a5 21. Nd2 (21. Re2 $15 {is more appropriate.}) 21... Bxd4 $17 22. Rxe8+ Nxe8 (22... Rxe8 23. Nc4 Bxf2+ 24. Qxf2 $11) 23. cxd4 Bf5 ({Much worse is} 23... Rxd4 24. Nc4 Qc5 (24... Rxd1+ 25. Qxd1 Qb4 26. Qd8 $11) 25. Rxd4 Qxd4 26. Qe4 (26. Nxa5 Nd6 $17) 26... Qxe4 27. Bxe4 $14) (23... Be6 $5 24. Nc4 Qb4 $17 (24... Bxc4 25. Qxc4 Qxb2 26. d5 $17)) 24. Qc3 Qxd4 25. Qxa5 {[%emt 0:00:05][%cal Od2c4] [#] Nc4! would now be deadly.} b6 26. Qc3 {[%emt 0:00:05] The position is equal.} Qxc3 (26... Qxa4 {with more complications.} 27. b3 Qd4 28. Qxc6 Qc5) 27. bxc3 Bc2 28. Re1 Bxa4 29. Nc4 Rb8 30. Nxb6 Rxb6 31. Rxe8+ Kg7 32. Ra8 Bb3 33. Rc8 Bd5 34. Bxd5 cxd5 {[%emt 0:00:00] Weighted Error Value: White=0.08 (flawless) /Black=0.07 (flawless) .  Mistake:       	White=2     	---        Inaccurate:     	---       	Black=2      OK:         	White=15    	Black=11     Best:        	White=2     	---} 1/2-1/2

[Event "XVI Memorial Ezequiel Martin 2024"]
[Site "Mollet"]
[Date "2024.06.09"]
[Round "4.2"]
[White "Ayats Llobera, Gerard"]
[Black "Cruz, Filemon"]
[Result "0-1"]
[ECO "C41"]
[WhiteElo "2466"]
[BlackElo "2247"]
[Annotator "TA"]
[PlyCount "82"]
[EventDate "2024.06.01"]
[EventType "swiss"]
[EventCountry "ESP"]
[SourceTitle "playchess.com"]
[Source "ChessBase"]
[SourceQuality "1"]
[TimeControl "900+5"]

1. e4 d6 2. d4 Nf6 3. Nc3 e5 4. Nf3 Nbd7 5. Bc4 Be7 6. O-O O-O 7. Re1 c6 8. a4 a5 9. Ba2 Qc7 10. h3 Nb8 11. dxe5 dxe5 12. Nh4 Na6 {[%emt 0:00:05] The position is equal.} 13. Qf3 Nb4 14. Bb3 Be6 ({Better is} 14... Nd7 $11 15. Nf5 Nc5) 15. Re2 (15. Bxe6 $14 {stays ahead.} Nxc2 (15... fxe6 16. Qe2 $14) 16. Ba2) 15... Bxb3 $17 16. cxb3 g6 17. Bg5 Nh5 18. Bxe7 Qxe7 19. Nf5 Qf6 (19... Qg5 $17 20. Qg4 Qxg4 21. Nh6+ Kg7 22. Nxg4 Rfd8) 20. Rd2 $11 Rfd8 {[%emt 0:00:14] Wards off Rd6} 21. Rad1 Rxd2 22. Rxd2 Nf4 23. Rd6 Ne6 $36 {[%emt 0:00:03][%cal Og8f8][%mdl 2048] Black has some pressure.} 24. Nh6+ $1 Kg7 {[%emt 0:00:02] aiming for ...Qxf3.} 25. Qxf6+ {[%emt 0:00:01] Black keeps a firm grip on the game.} (25. Ng4 $1 $11 Qf4 (25... Qxf3 26. gxf3 Na6 27. Nxe5 $15) 26. Qd1) 25... Kxf6 $17 26. Rd7 {[%emt 0:00:03] [#]} Kg7 27. Ng4 (27. Rxf7+ Kxh6 28. Rxb7 Rd8 $19) (27. Nxf7 $2 Nc5 28. Nxe5+ Nxd7 29. Nxd7 Nd3 $19) 27... Nc5 $1 28. Re7 (28. Rd1 Nbd3 (28... Nxb3 29. Nxe5 Nc5 30. Rd2 $11) 29. Ne3) 28... h5 $19 (28... Nxb3 29. Rxb7 (29. Nxe5 $2 Kf6 $19) 29... Nc5 30. Re7 $11) 29. Nxe5 Kf6 (29... Nxb3 $2 30. Rxf7+ (30. Nxf7 Kf8 $15) 30... Kh6 31. f4 $18 (31. Rxb7 Nc5 $18)) 30. Rxf7+ Kxe5 31. f4+ Ke6 32. Rg7 Kf6 (32... Nxb3 33. Rxg6+ Kf7 34. Rh6 $17) 33. Rh7 Rf8 ({Weaker is} 33... Nxb3 34. e5+ Ke6 35. Rxb7 $19) 34. Kf2 g5 (34... Nxb3 35. Rxb7 g5 36. f5 $19) 35. f5 h4 ({Less strong is} 35... Nxb3 36. Rxh5 Nc5 37. Ke3 $19) 36. Rh6+ Ke5 37. Ke3 Nc2+ ({Not} 37... Nxb3 38. Re6#) 38. Kd2 (38. Kf3 $142) 38... Nd4 {[%emt 0:09:15] Black is clearly winning.} 39. Rg6 Nxe4+ 40. Nxe4 Kxe4 41. f6 Ne6 {[%emt 0:00:00] Weighted Error Value: White=0.44/Black=0.19 (very precise) .  Mistake:       	White=4     	Black=2      Inaccurate:     	White=3     	---        OK:         	White=13    	Black=12     Best:        	---       	Black=6      Strong:       	White=1     	---} 0-1

[Event "XVI Memorial Ezequiel Martin 2024"]
[Site "Mollet"]
[Date "2024.06.09"]
[Round "4.3"]
[White "Ortega Serra, Marc"]
[Black "Hernandez, Cristian Andres"]
[Result "0-1"]
[ECO "E28"]
[WhiteElo "2292"]
[BlackElo "2350"]
[Annotator "RC"]
[PlyCount "138"]
[EventDate "2024.06.01"]
[EventType "swiss"]
[EventCountry "ESP"]
[SourceTitle "playchess.com"]
[Source "ChessBase"]
[SourceQuality "1"]
[TimeControl "900+5"]

1. d4 Nf6 2. c4 e6 3. Nc3 Bb4 4. a3 Bxc3+ 5. bxc3 O-O 6. e3 b6 7. Ne2 Nc6 8. Ng3 Ba6 9. e4 Ne8 10. d5 Na5 11. c5 Bxf1 12. Kxf1 Nb7 13. cxb6 axb6 14. h4 Nc5 15. Be3 Qe7 16. Qg4 f5 17. exf5 exf5 18. Nxf5 Qe4 19. Qxe4 Nxe4 20. g4 Nxc3 21. d6 c5 22. h5 Ra4 23. f3 Rf6 24. Bg5 Re6 25. Re1 Rxe1+ 26. Kxe1 h6 27. Bh4 Nb5 28. Bg3 Nd4 29. Kf2 Nxf5 30. gxf5 Rd4 31. Be5 Rd5 32. f4 Nxd6 33. f6 gxf6 34. Rg1+ Kf7 35. Bxd6 Rxd6 36. Rg6 Rd4 37. Ke3 Ra4 38. Rxh6 Rxa3+ 39. Ke4 c4 40. Rh7+ Ke6 41. f5+ Kd6 42. Rf7 Rh3 43. Rxf6+ Kc5 44. h6 c3 45. Rf8 Rxh6 46. f6 d5+ 47. Kd3 Rh3+ 48. Kc2 Kd4 49. f7 Rh2+ 50. Kb3 Rb2+ 51. Ka3 Rf2 52. Kb3 b5 53. Rh8 Rxf7 54. Rh4+ Kc5 55. Kxc3 Rf3+ 56. Kc2 b4 57. Rh8 Rc3+ 58. Kb2 Kc4 59. Rc8+ Kd3 60. Rb8 b3 61. Rh8 d4 62. Rh4 Kc4 63. Rg4 Rc2+ 64. Kb1 Kc3 65. Rg3+ d3 66. Rh3 Re2 67. Rh1 d2 68. Rh3+ Kb4 69. Rd3 Ka3 0-1

[Event "XVI Memorial Ezequiel Martin 2024"]
[Site "Mollet"]
[Date "2024.06.09"]
[Round "4.4"]
[White "Lazaro Pujol, Abel"]
[Black "Masague Artero, Guerau"]
[Result "1-0"]
[ECO "B06"]
[WhiteElo "2356"]
[BlackElo "2345"]
[Annotator "RC"]
[PlyCount "45"]
[EventDate "2024.06.01"]
[EventType "swiss"]
[EventCountry "ESP"]
[SourceTitle "playchess.com"]
[Source "ChessBase"]
[SourceQuality "1"]
[TimeControl "900+5"]

1. e4 g6 2. d4 Bg7 3. Nc3 d6 4. Be3 a6 5. h4 Nf6 6. h5 Nxh5 7. Rxh5 gxh5 8. Qxh5 e6 9. e5 dxe5 10. dxe5 Nc6 11. Rd1 Qe7 12. Nf3 h6 13. Qg4 Qf8 14. Ne4 Nxe5 15. Nxe5 Bxe5 16. Bc5 Bd6 17. Rxd6 cxd6 18. Nxd6+ Kd7 19. Qa4+ Kc7 20. Qc4 Kb8 21. Nb5 axb5 22. Qf4+ e5 23. Qxe5+ 1-0

[Event "XVI Memorial Ezequiel Martin 2024"]
[Site "Mollet"]
[Date "2024.06.09"]
[Round "4.5"]
[White "Garriga Cazorla, Pere"]
[Black "Silva Cerda, Mark Valentin"]
[Result "1-0"]
[ECO "D36"]
[WhiteElo "2471"]
[BlackElo "1998"]
[Annotator "TA"]
[PlyCount "69"]
[EventDate "2024.06.01"]
[EventType "swiss"]
[EventCountry "ESP"]
[SourceTitle "playchess.com"]
[Source "ChessBase"]
[SourceQuality "1"]
[TimeControl "900+5"]

1. d4 d5 2. c4 e6 3. Nc3 Nf6 4. cxd5 exd5 5. Bg5 c6 6. e3 h6 7. Bh4 Be7 8. Bd3 O-O 9. Qc2 a5 10. Nf3 Na6 11. a3 {[%emt 0:00:00] Repels Nb4} Re8 12. O-O {[%emt 0:00:10] White is slightly better.} Nc7 13. Ne5 c5 (13... Rf8 $14) 14. dxc5 $1 $16 {[%emt 0:00:00] White is much more active.} Bxc5 {[%emt 0:00:00] [#]} 15. Nb5 (15. Bh7+ $1 $18 Kf8 16. Nf3) 15... Na6 16. Nf3 Bd7 17. Nbd4 (17. Rfd1 $16) 17... Qb6 {[%emt 0:00:55] [#]} ({Better is} 17... Rc8 $14 18. Qe2 Nb8) 18. Rfc1 ({White should play} 18. Bxf6 $1 $18 Qxf6 19. Bxa6 Bxd4 20. Bxb7) 18... Rac8 {[%emt 0:00:00] ...Bxd4 is the strong threat.} 19. Qb3 (19. Bxf6 {simplifies} Qxf6 20. Qb3 Bxd4 21. Rxc8 Rxc8 22. exd4 Bc6 23. g3) 19... Ne4 {[%emt 0:00:10] This move loses the game for Black.} (19... g5 $14 20. Bg3 Bxd4 21. Nxd4 Qxb3 22. Nxb3 a4) 20. Qxd5 $18 Bc6 (20... Nd6 {was worth a try.} 21. Bg3 Red8 22. Bxa6 bxa6 23. Rxc5 Rxc5 24. Qxd6 Qxb2) 21. Nxc6 bxc6 22. Qc4 Bxe3 23. Qxa6 Bxf2+ 24. Kh1 Qxb2 $2 (24... Qxa6 25. Bxa6 Rb8) 25. Bxe4 {[%emt 0:00:10] Rcb1 would now be deadly. White is clearly winning.} ({Stronger than} 25. Qxa5 Bxh4 26. Bxe4 Rxe4 $15) 25... Bxh4 26. Nxh4 Qd4 27. Bxc6 Red8 28. Nf3 Qf6 29. Bb7 Rb8 30. Qxf6 gxf6 31. Be4 Rb2 32. a4 Re8 33. Bd3 Rb3 34. Bb5 Rb2 35. Bxe8 {[%emt 0:00:00] Weighted Error Value: White=0.38/Black=0.72.  Loses game:     	---       	Black=1      Mistake:       	White=3     	Black=4      Inaccurate:     	---       	Black=3      OK:         	White=6     	Black=2      Best:        	White=2     	Black=1} 1-0

[Event "XVI Memorial Ezequiel Martin 2024"]
[Site "Mollet"]
[Date "2024.06.09"]
[Round "4.6"]
[White "Rahal, Michael A"]
[Black "Narciso Dublan, Marc"]
[Result "1/2-1/2"]
[ECO "B07"]
[WhiteElo "2302"]
[BlackElo "2432"]
[Annotator "RC"]
[PlyCount "60"]
[EventDate "2024.06.01"]
[EventType "swiss"]
[EventCountry "ESP"]
[SourceTitle "playchess.com"]
[Source "ChessBase"]
[SourceQuality "1"]
[TimeControl "900+5"]

1. e4 d6 2. d4 Nf6 3. Nc3 e5 4. dxe5 dxe5 5. Qxd8+ Kxd8 6. Bc4 Bb4 7. f3 Bxc3+ 8. bxc3 Be6 9. Bxe6 fxe6 10. c4 Nbd7 11. Bb2 a5 12. Nh3 Ra6 13. O-O-O Ke7 14. Nf2 Ne8 15. Ng4 Nd6 16. Bxe5 h5 17. Bxd6+ cxd6 18. Ne3 Rc8 19. Rd4 Rac6 20. Rhd1 Ne5 21. Kd2 g5 22. Rb1 b6 23. Rb5 Rf8 24. Ke2 g4 25. fxg4 hxg4 26. Rb1 Rh8 27. Rh1 Rhc8 28. Rhd1 Rh8 29. Rh1 Rhc8 30. Rhd1 Rh8 1/2-1/2

[Event "XVI Memorial Ezequiel Martin 2024"]
[Site "Mollet"]
[Date "2024.06.09"]
[Round "5.1"]
[White "Hernandez, Cristian Andres"]
[Black "Lazaro Pujol, Abel"]
[Result "0-1"]
[ECO "C47"]
[WhiteElo "2350"]
[BlackElo "2356"]
[Annotator "RC"]
[PlyCount "38"]
[EventDate "2024.06.01"]
[EventType "swiss"]
[EventCountry "ESP"]
[SourceTitle "playchess.com"]
[Source "ChessBase"]
[SourceQuality "1"]
[TimeControl "900+5"]

1. e4 e5 2. Nf3 Nc6 3. Nc3 Nf6 4. a3 d5 5. Bb5 d4 6. Ne2 Bd6 7. c3 dxc3 8. d4 Nxe4 9. Qa4 O-O 10. dxe5 Nc5 11. Qc2 Nxe5 12. Ng5 g6 13. Nxc3 Bf5 14. Nge4 Qh4 15. g4 Bxg4 16. Ng5 a6 17. Be2 Bxe2 18. Qxe2 Ned3+ 19. Kf1 Nxc1 0-1